 Dungeon Crawl Stone Soup version 0.30-a0-632-g346586fe48 (webtiles) character file.

Game seed: 5706115905578883691

1695 mandoloar the Thaumaturge (level 9, 0/55 HPs)
             Began as a Djinni Conjurer on Jan 13, 2023.
             Killed from afar by Dowan (13 damage)
             ... with a stone arrow
             ... on level 5 of the Dungeon.
             The game lasted 00:12:41 (4974 turns).

mandoloar the Thaumaturge (Djinni Conjurer)         Turns: 4974, Time: 00:12:42

Health: 0/55       AC:  4    Str:  6    XL:     9   Next: 22%
Gold:   74         EV: 12    Int: 25    God:
                   SH:  0    Dex: 11

rFire   + + .      SeeInvis +    a - +1 dagger (venom)
rCold   x . .      Faith    .    (no shield)
rNeg    . . .      Spirit   .    g - +0 robe
rPois   ∞          Reflect  .    (no helmet)
rElec   .          Harm     .    m - +0 cloak
rCorr   .          Rampage  .    f - +0 pair of gloves
Will    .....                    (boots unavailable)
Stlth   ++                       (no amulet)
HPRegen 0.29/turn                e - ring of see invisible
MPRegen 0.00/turn                (no ring)

@: flying
A: sickness immunity, fire resistance 2, cold vulnerability 1, float, innate
caster, HP casting, extra vitality 1
a: no special abilities


You were on level 5 of the Dungeon.
You visited 2 branches of the dungeon, and saw 6 of its levels.

You collected 74 gold pieces.

Inventory:

Hand Weapons
 a - a +1 dagger of venom (weapon)
Armour
 f - a +0 pair of gloves (worn)
 g - a +0 robe (worn)
 m - a +0 cloak (worn)
Jewellery
 e - a ring of see invisible (left hand)
Scrolls
 d - 2 scrolls of fear
 h - a scroll of blinking
 l - 2 scrolls of enchant armour {unknown}
 n - a scroll of fog {unknown}
Potions
 b - a potion of magic
 c - a potion of attraction
 i - 3 potions of curing
 j - a potion of mutation {unknown}
 k - a potion of might {unknown}
 o - a potion of degeneration {unknown}


   Skills:
 - Level 2.1 Dodging
 - Level 1.5 Stealth
 + Level 9.3 Spellcasting


You had 3 spell levels left.
You knew the following spells:

 Your Spells              Type           Power      Damage    Failure   Level
a - Magic Dart            Conj           100%       1d8       1%          1
b - Searing Ray           Conj           100%       2d8       1%          2
c - Dazzling Flash        Conj/Hex       100%       N/A       1%          3
d - Fulminant Prism       Conj/Hex       27%        3d14      1%          4
e - Iskenderun's Mystic   Conj/Tloc      55%        2d12      1%          4
f - Slow                  Hex            100%       N/A       1%          1
g - Ensorcelled Hibernat  Hex/Ice        100%       N/A       1%          2
h - Kindle Blastsparks    Fire/Tloc/Air  100%       2d18      1%          3
i - Stone Arrow           Conj/Erth      100%       3d13      1%          3
Your spell library was empty.

Dungeon Overview and Level Annotations

Branches:
Dungeon (5/15)             Temple (1/1) D:5

Altars:
Ashenzari
Dithmenos
Elyvilon
Fedhas
Gozag
Hepliaklqana
Nemelex Xobeh
Okawaru
Qazlal
Ru
Trog
Uskayaw
Wu Jian
Xom
Yredelemnul
The Shining One

Shops:
D:4 *=(?

Annotations:
D:5 Dowan


Innate Abilities, Weirdness & Mutations

You are immune to sickness and miasma.
You are immune to poison.
Your flesh is very heat resistant. (rF++)
You are vulnerable to cold. (rC-)
You float through the air rather than walking.
You learn spells naturally, not from books.
Your magical power is your life essence.
You have superior vitality. (+4 MHP)


Message History

Confirm with . or Enter, or press ? or * to list all spells.
Aiming: Fulminant Prism (dangerous; 1% risk of failure)
Press: ? - help, Dir - move target You conjure a prism of explosive energy!
A fulminant prism comes into view.
Your fulminant prism crackles loudly.
The gnoll hits your fulminant prism with a +0 club.
Your fulminant prism explodes!
The blast of energy engulfs the gnoll!
You kill the gnoll!
You start resting.
Duvessa, Sister of Dowan comes into view.
She is wielding a +0 short sword.
Duvessa shouts!
You hear a shout!
Duvessa says, "Where magic fails, the sword succeeds!"
Casting: Fulminant Prism (dangerous; 1% risk of failure)
Confirm with . or Enter, or press ? or * to list all spells.
A cloud of volatile blastsparks flares up around you!
Things that are here:
a +0 hand axe; a +0 leather armour; an orc corpse The cloud of blastsparks explodes!
The concussive blast engulfs Duvessa!!
Duvessa is heavily wounded.
Casting: Kindle Blastsparks (safe; 1% risk of failure)
Confirm with . or Enter, or press ? or * to list all spells.
A cloud of volatile blastsparks flares up around you!
Dowan, Brother of Duvessa comes into view.
He is wielding a +0 dagger.
Duvessa hits you with a +0 short sword!
Casting: Kindle Blastsparks (safe; 1% risk of failure)
Confirm with . or Enter, or press ? or * to list all spells.
A cloud of volatile blastsparks flares up around you!
Duvessa hits you with a +0 short sword!
The cloud of blastsparks explodes!
The concussive blast engulfs Duvessa!!
You kill Duvessa!
You hear a distant wail of despair.
The concussive blast engulfs you. You resist.
* * * LOW HITPOINT WARNING * * *
You are knocked back by the blast.
Dowan seems to find hidden reserves of power!
Dowan casts a spell at you. The stone arrow hits you!
You die...

#.#...###.#
#.<.......#
#.†.....e..
#.)....###
#######.#.e.##
........###.#######.
#####....)..........
#.#####.######.# #.
#@# #. #)# # #)# #)#
#.# #?# #.# #.# #..


You could see Dowan (fast).

Vanquished Creatures
  Prince Ribbit (D:5)
  5 yaks (D:4)
  Duvessa (D:5)
  An ice beast (D:4)
  An ogre (D:4)
  A scorpion (D:4)
  A centaur zombie (D:4)
  A hound (D:4)
  2 jellies (D:4)
  An orc priest (D:3)
  An iguana (D:3)
  2 orc wizards (D:4)
  2 scorpion zombies (D:4)
  5 gnolls
  4 adders
  2 adder zombies (D:4)
  6 dart slugs
  A worm (D:4)
  14 orcs
  6 ball pythons
  4 bats
  7 endoplasms
  A giant cockroach (D:2)
  9 goblins
  4 hobgoblins
  4 kobolds
  3 quokkas
  A frilled lizard (D:2)
  3 rats
94 creatures vanquished.

Vanquished Creatures (others)
  31 fulminant prisms
31 creatures vanquished.

Grand Total: 125 creatures vanquished

Notes
Turn   | Place    | Note
-------+----------+-------------------------------------------
     0 | D:1      | mandoloar the Djinni Conjurer began the quest for the Orb.
     0 | D:1      | mandoloar set off with the following spells memorised:
                  | Magic Dart, Searing Ray, Dazzling Flash, Fulminant Prism,
                  | Iskenderun's Mystic Blast.
     0 | D:1      | Reached XP level 1. HP: 15/15 MP: 0/0
    64 | D:1      | Reached XP level 2. HP: 21/21 MP: 0/0
   290 | D:1      | Reached skill level 4 in Spellcasting
   290 | D:1      | Reached XP level 3. HP: 21/25 MP: 0/0
   290 | D:1      | Learned a level 1 spell: Slow
   916 | D:2      | Reached XP level 4. HP: 29/31 MP: 0/0
  1709 | D:3      | Reached XP level 5. HP: 13/35 MP: 0/0
  1709 | D:3      | Learned a level 2 spell: Ensorcelled Hibernation
  1928 | D:3      | Reached skill level 5 in Spellcasting
  2102 | D:3      | You are sucked into a shaft and drop 2 floors!
  2102 | D:5      | Entered Level 5 of the Dungeon
  2258 | D:5      | Found a staircase to the Ecumenical Temple.
  2272 | Temple   | Entered the Ecumenical Temple
  2487 | D:4      | Reached XP level 6. HP: 21/40 MP: 0/0
  3000 | D:4      | Found Xiar's Weapon Emporium.
  3137 | D:4      | Noticed a yak
  3148 | D:4      | Killed a yak
  3149 | D:4      | Reached skill level 6 in Spellcasting
  3149 | D:4      | Reached XP level 7. HP: 33/45 MP: 0/0
  3149 | D:4      | Learned a level 3 spell: Kindle Blastsparks
  3166 | D:4      | Noticed a yak
  3175 | D:4      | Killed a yak
  3180 | D:4      | Reached skill level 7 in Spellcasting
  3405 | D:4      | Noticed a yak
  3414 | D:4      | Noticed a yak
  3419 | D:4      | Killed a yak
  3420 | D:4      | Reached XP level 8. HP: 38/50 MP: 0/0
  3506 | D:4      | Killed a yak
  3510 | D:4      | Noticed a yak
  3519 | D:4      | Killed a yak
  3520 | D:4      | Reached skill level 8 in Spellcasting
  3807 | D:4      | Found Wicy's Jewellery Shop.
  3904 | D:4      | Found a sparkling altar of Nemelex Xobeh.
  3979 | D:4      | Found a basalt altar of Yredelemnul.
  4184 | D:4      | Found Genotyddooh's General Store.
  4685 | D:4      | Found Karchaewe's Magic Scroll Emporium.
  4820 | D:5      | Noticed Prince Ribbit
  4830 | D:5      | Killed Prince Ribbit
  4831 | D:5      | Reached skill level 9 in Spellcasting
  4831 | D:5      | Reached XP level 9. HP: 28/55 MP: 0/0
  4831 | D:5      | Learned a level 3 spell: Stone Arrow
  4960 | D:5      | Noticed Duvessa
  4967 | D:5      | Noticed Dowan
  4972 | D:5      | Killed Duvessa
  4974 | D:5      | Killed from afar by Dowan

Illustrated notes

Levels and vault maps discovered:
D:1:      sevenhm_arrival_forest_fort_small_4, layout_rooms,
          kennysheep_minor_cross
D:2:      layout_basic
D:3:      layout_loops_ring, hangedman_decor_slide_cut, minmay_liquid_box,
          hex_large
D:4:      layout_basic, nemelex_altar_shiori, nicolae_yredelemnul_corpse_copse,
          serial_shops, nicolae_shop_behind_doors, nicolae_shop_stone,
          kennysheep_mini_moat, shop
D:5:      layout_loops_ring, makhleb_heckhound_becter, temple_statues,
          uniq_duvessa, uniq_crazy_yiuf_cottage, uniq_prince_ribbit1
Temple:   bh_familiar_temple

Skill      XL: |  1  2  3  4  5  6  7  8 |
---------------+-------------------------+-----
Spellcasting   | 4 5 6 7 9 |  9.3
Dodging        | |  2.1
Stealth        | |  1.5

Action                   |  1- 3 |  4- 6 |  7- 9 || total
-------------------------+-------+-------+-------++-------
Melee: Dagger            |       |     1 |       ||     1
 Cast: Magic Dart        |    53 |    42 |     8 ||   103
       Searing Ray       |     3 |    11 |     5 ||    19
       Fulminant Prism   |       |    11 |    20 ||    31
       Ensorcelled Hiber |       |     1 |       ||     1
       Iskenderun's Myst |       |     2 |     2 ||     4
       Kindle Blastspark |       |       |    17 ||    17
       Stone Arrow       |       |       |     2 ||     2
  Use: Scroll            |     3 |     4 |       ||     7
Armor: Robe              |     2 |     4 |     1 ||     7
Dodge: Dodged            |     2 |     4 |     6 ||    12

Table legend: (Time is in decaauts)
 A = Elapsed time spent in this place.
 B = Non-inter-level travel time spent in this place.
 C = Inter-level travel time spent in this place.
 D = Time resting spent in this place.
 E = Time spent auto-exploring this place.
 F = Levels seen in this place.
 G = Mean time per level.
                   A        B        C        D        E       F      G
               +--------+--------+--------+--------+--------+-----+--------+
         Total |   4974 |   4837 |    137 |   1867 |   2374 |   6 |  829.0 |
       Dungeon |   4788 |   4671 |    117 |   1867 |   2215 |   5 |  957.6 |
        Temple |    186 |    166 |     20 |      0 |    159 |   1 |  186.0 |
               +--------+--------+--------+--------+--------+-----+--------+

Top non-repeatable levels by time:
     D:4: 2217 daAuts
     D:2: 1023 daAuts
     D:1: 708 daAuts
     D:5: 467 daAuts
     D:3: 370 daAuts
  Temple: 186 daAuts
